 Dungeon Crawl Stone Soup version 0.26-a0-850-g97a50ab700 (webtiles) character file.

Game seed: 6606862920195619757

19 robertstho the Chiller (level 2, -3/20 HPs)
             Began as a Gnoll Ice Elementalist on Nov 20, 2020.
             Slain by a goblin
             ... wielding a +0 club
             ... led by Robin
              (6 damage)
             ... on level 2 of the Dungeon.
             The game lasted 00:00:55 (1108 turns).

robertstho the Chiller (Gnoll Ice Elementalist)     Turns: 1108, Time: 00:00:56

Health: -3/20      AC:  2    Str: 10    XL:     2   Next: 75%
Magic:  5/7        EV: 14    Int: 17    God:
Gold:   50         SH:  0    Dex: 15    Spells: 9/10 levels left

rFire    . . .     SeeInvis .   g - -2 hand axe (curse)
rCold    . . .     Faith    .   (no shield)
rNeg     . . .     Spirit   .   a - +0 robe
rPois    .         Reflect  .   (no helmet)
rElec    .         Harm     .   (no cloak)
rCorr    .         Rampage  .   (no gloves)
MR       .....                  (no boots)
Stlth    +++.......             (no amulet)
HPRegen  0.06/turn              (no ring)
MPRegen  0.10/turn              (no ring)

@: no status effects
A: distributed training, fangs 1, strong nose
a: no special abilities


You were on level 2 of the Dungeon.
You visited 1 branch of the dungeon, and saw 2 of its levels.

You collected 50 gold pieces.

Inventory:

Hand Weapons
 b - a +0 whip
 d - a +3 dagger
 g - a cursed -2 hand axe (weapon)
Missiles
 c - 2 javelins (quivered)
Armour
 a - a +0 robe (worn)
Scrolls
 h - a scroll of remove curse {unknown}
Potions
 e - 2 potions of haste {unknown}
 f - a potion of brilliance {unknown}
 i - a potion of attraction {unknown}


   Skills:
 + Level 0.5 Fighting
 + Level 0.5 Short Blades
 + Level 0.5 Long Blades
 + Level 0.5 Axes
 + Level 0.5 Maces & Flails
 + Level 0.5 Polearms
 + Level 0.5 Staves
 + Level 0.5 Slings
 + Level 0.5 Bows
 + Level 0.5 Crossbows
 + Level 0.5 Throwing
 + Level 0.5 Armour
 + Level 4.5 Dodging
 + Level 4.1 Stealth
 + Level 0.5 Shields
 + Level 0.5 Unarmed Combat
 + Level 4.9 Spellcasting
 + Level 0.3 Conjurations
 + Level 0.3 Hexes
 + Level 0.3 Summonings
 + Level 0.3 Necromancy
 + Level 0.3 Translocations
 + Level 0.3 Transmutations
 + Level 0.3 Fire Magic
 + Level 7.0 Ice Magic
 + Level 0.3 Air Magic
 + Level 0.3 Earth Magic
 + Level 0.3 Poison Magic
 + Level 0.6 Invocations
 + Level 0.5 Evocations


You had 9 spell levels left.
You knew the following spells:

 Your Spells              Type           Power        Failure   Level
a - Freeze                Ice            ####         1%          1

Your spell library contained the following spells:

 Spells                   Type           Power        Failure   Level
 Frozen Ramparts          Ice            ####..       2%          3
 Ozocubu's Armour         Ice            ####....     2%          3
 Hailstorm                Conj/Ice       ###.....     30%         4
 Summon Ice Beast         Ice/Summ       ###.....     30%         4


Dungeon Overview and Level Annotations

Branches:
Dungeon (2/15)

Altars:

Annotations:
D:2 Robin


Innate Abilities, Weirdness & Mutations

Your experience applies equally to all skills.
You have very sharp teeth.
Your uncanny sense of smell can sniff out nearby items.


Message History

The goblin closely misses you. The goblin barely misses you.
You closely miss the goblin. You hit the goblin but do no damage.
You hit the goblin.
Robin says, "My goblins will feast on your bones."
The goblin hits you with a +0 dagger. The goblin hits you but does no damage.
The goblin barely misses you. The goblin closely misses you.
Robin roars a battlecry!
The goblins go into a battle-frenzy!
Casting: Freeze (safe; 1% risk of failure)
Confirm with . or Enter, or press ? or * to list all spells.
Press: ? - help, Shift-Dir - straight line, f - goblin
Aim: a goblin, wielding a +0 club (strong)
You freeze the goblin.
You kill the goblin!
The goblin closely misses you. Robin throws the goblin at you!
* * * LOW HITPOINT WARNING * * *
The goblin hits you with a +0 dagger.
* * * LOW HITPOINT WARNING * * *
The goblin hits you with a +0 club.
You die...

##### #...# #...#
#...# ##### #...#
#.... +...# #....
#...#
###...g#####...#
#...g..#g@g.#..#
#.....).g##.#.######
..#...ggg##..<.....#
#...... ..#.####.#
#....## #.^..# +....
..#..# #...# ###..#
#... ...# #.## ##.#


You could see Robin, 2 hobgoblins and 3 goblins.

Vanquished Creatures
  A giant cockroach (D:1)
  7 goblins
  4 hobgoblins
  4 bats
16 creatures vanquished.

Notes
Turn   | Place    | Note
-------+----------+-------------------------------------------
     0 | D:1      | robertstho the Gnoll Ice Elementalist began the quest for
                  | the Orb.
     0 | D:1      | Reached XP level 1. HP: 13/13 MP: 6/6
   214 | D:1      | Reached XP level 2. HP: 8/19 MP: 4/7
  1098 | D:2      | Noticed Robin
  1108 | D:2      | Slain by a goblin

Illustrated notes

Levels and vault maps discovered:
D:1:      psy_arrival_spokes, layout_loops_ring
D:2:      layout_basic, general_overflow_altar, grunt_temple_overflow_open,
          amethyst_overflow_temple_binary, uniq_robin, uniq_crazy_yiuf_cottage,
          uniq_jessica

Action                   || total
-------------------------++-------
Melee: Whip              ||    15
       Bite              ||     2
       Hand axe          ||    18
       Dagger            ||     4
 Cast: Freeze            ||     9
 Stab: Sleeping          ||     2
Armor: Robe              ||    19
Dodge: Dodged            ||    42

Table legend: (Time is in decaauts)
 A = Elapsed time spent in this place.
 B = Non-inter-level travel time spent in this place.
 C = Inter-level travel time spent in this place.
 D = Time resting spent in this place.
 E = Time spent auto-exploring this place.
 F = Levels seen in this place.
 G = Mean time per level.
                   A        B        C        D        E       F      G
               +--------+--------+--------+--------+--------+-----+--------+
         Total |   1112 |   1074 |     38 |      0 |    945 |   2 |  556.0 |
       Dungeon |   1112 |   1074 |     38 |      0 |    945 |   2 |  556.0 |
               +--------+--------+--------+--------+--------+-----+--------+

Top non-repeatable levels by time:
     D:1: 1064 daAuts
     D:2: 48 daAuts
